1976 views
Uploaded 2022-12-21 02:19:44
Game version 1.32.10
55:56 long 4on4 ladder game on (8)Deadlock_LV
Saved by GIGA
1976 views
Uploaded 2022-12-21 02:19:44
Game version 1.32.10
55:56 long 4on4 ladder game on (8)Deadlock_LV


258 units @ 34.8k
/ 5.3k
193 buildings @ 26.5k
/ 11.4k
⇛
Takeahnase94
(2)
(52:37) : 


x1)
| Scroll of Regeneration | 2 | 200 |
| Lesser Clarity Potion | 2 | 140 |
| Mechanical Critter | 1 | 50 |
| Staff of Sanctuary | 1 | 250 |
| Orb of Fire | 1 | 325 |
| Potion of Healing | 2 | 300 |
| Scroll of Town Portal | 6 | 2100 |
| Tome of Retraining | 1 | 300 |
| Potion of Lesser Invulnerability | 2 | 300 |
| total: | 18 | 3965g |
| Peasant | 28 | 2100 | / | 0 |
| Footman | 12 | 1620 | / | 0 |
| Dragonhawk Rider | 10 | 2000 | / | 300 |
| Mortar Team | 2 | 360 | / | 140 |
| Gryphon Rider | 3 | 840 | / | 210 |
| Flying Machine | 17 | 1700 | / | 510 |
| Siege Engine | 1 | 195 | / | 60 |
| total: | 73 | 8815g | / | 1220w |
| Scout Tower | 34 | 1020 | / | 680 |
| Arcane Tower | 5 | 350 | / | 250 |
| Guard Tower | 12 | 840 | / | 600 |
| Altar of Kings | 4 | 720 | / | 200 |
| Farm | 13 | 1040 | / | 260 |
| Barracks | 1 | 160 | / | 60 |
| Town Hall | 4 | 1540 | / | 820 |
| Arcane Vault | 1 | 130 | / | 30 |
| Lumber Mill | 1 | 120 | / | 0 |
| Blacksmith | 2 | 280 | / | 120 |
| Gryphon Aviary | 5 | 700 | / | 750 |
| Workshop | 6 | 840 | / | 840 |
| Keep | 1 | 320 | / | 210 |
| Castle | 1 | 360 | / | 210 |
| total: | 71 | 6550g | / | 3760w |
| 0:02 | Peasant |
| 0:02 | Peasant |
| 0:02 | Peasant |
| 0:06 | Altar of Kings |
| 0:11 | Altar of Kings |
| 0:13 | Farm |
| 0:17 | Barracks |
| 0:27 | Peasant |
| 0:41 | Peasant |
| 0:53 | Farm |
| 0:59 | Peasant |
| 1:09 | Peasant |
| 1:17 | Peasant |
| 1:20 | Footman |
| 1:30 | Peasant |
| 1:32 | Farm |
| 1:42 | Footman |
| 1:42 | Footman |
| 1:51 | Peasant |
| 2:01 | Peasant |
| 2:11 | Summon Water Elemental |
| 2:25 | Peasant |
| 2:49 | Peasant |
| 3:01 | Town Hall |
| 3:08 | Brilliance Aura |
| 3:09 | Footman |
| 3:11 | Peasant |
| 3:25 | Peasant |
| 3:46 | Peasant |
| 3:54 | Arcane Vault |
| 4:09 | Footman |
| 4:16 | Footman |
| 4:23 | Keep |
| 5:09 | Summon Water Elemental |
| 5:33 | Lumber Mill |
| 5:35 | Blacksmith |
| 5:37 | Blacksmith |
| 5:38 | Footman |
| 5:39 | Footman |
| 5:42 | Farm |
| 5:48 | Scroll of Regeneration |
| 5:50 | Lesser Clarity Potion |
| 5:51 | Mechanical Critter |
| 5:56 | Footman |
| 6:04 | Scout Tower |
| 6:06 | Peasant |
| 6:06 | Peasant |
| 6:09 | Scout Tower |
| 6:10 | Scout Tower |
| 6:11 | Scout Tower |
| 6:23 | Footman |
| 6:30 | Footman |
| 6:32 | Arcane Tower |
| 6:35 | Scout Tower |
| 6:36 | Improved Lumber Harvesting |
| 6:38 | Footman |
| 6:53 | Castle |
| 7:07 | Guard Tower |
| 7:08 | Improved Masonry |
| 7:10 | Arcane Tower |
| 7:12 | Guard Tower |
| 7:13 | Farm |
| 7:14 | Farm |
| 7:37 | Iron Forged Swords |
| 7:39 | Farm |
| 7:42 | Scout Tower |
| 7:43 | Scout Tower |
| 8:02 | Scout Tower |
| 8:04 | Gryphon Aviary |
| 8:39 | Gryphon Aviary |
| 8:41 | Guard Tower |
| 9:03 | Guard Tower |
| 9:06 | Advanced Lumber Harvesting |
| 9:20 | Peasant |
| 9:20 | Peasant |
| 9:29 | Defend |
| 9:32 | Flame Strike |
| 10:20 | Steel Forged Swords |
| 10:22 | Gryphon Aviary |
| 10:25 | Cloud |
| 10:27 | Peasant |
| 10:28 | Peasant |
| 10:31 | Guard Tower |
| 10:36 | Scout Tower |
| 10:38 | Scout Tower |
| 11:39 | Peasant |
| 11:39 | Peasant |
| 11:45 | Mithril Forged Swords |
| 12:03 | Dragonhawk Rider |
| 12:05 | Advanced Masonry |
| 12:09 | Scout Tower |
| 12:11 | Scout Tower |
| 12:12 | Scout Tower |
| 12:13 | Scout Tower |
| 12:19 | Brilliance Aura |
| 12:39 | Siphon Mana |
| 13:15 | Studded Leather Armor |
| 13:26 | Gryphon Aviary |
| 13:41 | Dragonhawk Rider |
| 13:43 | Guard Tower |
| 13:46 | Scout Tower |
| 13:48 | Farm |
| 13:48 | Farm |
| 13:49 | Farm |
| 13:51 | Farm |
| 13:59 | Staff of Sanctuary |
| 13:59 | Orb of Fire |
| 14:08 | Dragonhawk Rider |
| 14:10 | Gryphon Aviary |
| 14:43 | Dragonhawk Rider |
| 15:28 | Holy Light |
| 15:37 | Reinforced Leather Armor |
| 15:41 | Town Hall |
| 15:47 | Tome of Retraining |
| 15:47 | Retrain Hero |
| 15:48 | Potion of Lesser Invulnerability |
| 16:20 | Blizzard |
| 16:20 | Blizzard |
| 16:20 | Brilliance Aura |
| 16:20 | Brilliance Aura |
| 16:32 | Dragonhawk Rider |
| 16:50 | Dragonhawk Rider |
| 17:21 | Dragonhawk Rider |
| 18:05 | Dragonhide Armor |
| 19:06 | Dragonhawk Rider |
| 19:14 | Altar of Kings |
| 19:17 | Altar of Kings |
| 19:36 | Lesser Clarity Potion |
| 20:19 | Imbued Masonry |
| 20:24 | Guard Tower |
| 21:33 | Dragonhawk Rider |
| 21:46 | Scout Tower |
| 21:46 | Scout Tower |
| 21:46 | Scout Tower |
| 21:47 | Scout Tower |
| 21:47 | Scout Tower |
| 21:53 | Dragonhawk Rider |
| 23:26 | Black Gunpowder |
| 23:28 | Guard Tower |
| 23:35 | Scroll of Regeneration |
| 23:37 | Scroll of Town Portal |
| 23:40 | Potion of Healing |
| 23:42 | Potion of Healing |
| 23:50 | Workshop |
| 23:52 | Workshop |
| 23:56 | Workshop |
| 24:05 | Workshop |
| 24:19 | Workshop |
| 24:21 | Workshop |
| 25:35 | Fragmentation Shards |
| 25:35 | Flare |
| 25:56 | Mortar Team |
| 25:58 | Farm |
| 25:59 | Farm |
| 26:03 | Arcane Tower |
| 26:06 | Peasant |
| 26:06 | Peasant |
| 26:06 | Peasant |
| 26:06 | Peasant |
| 28:51 | Scout Tower |
| 28:52 | Scout Tower |
| 28:53 | Scout Tower |
| 28:54 | Scout Tower |
| 29:31 | Guard Tower |
| 29:33 | Scout Tower |
| 29:33 | Scout Tower |
| 29:37 | Divine Shield |
| 29:56 | Scout Tower |
| 30:00 | Town Hall |
| 30:02 | Arcane Tower |
| 30:16 | Mortar Team |
| 30:17 | Refined Gunpowder |
| 30:20 | Arcane Tower |
| 30:43 | Guard Tower |
| 31:01 | Scout Tower |
| 31:49 | Storm Hammers |
| 32:29 | Scroll of Town Portal |
| 32:30 | Potion of Lesser Invulnerability |
| 33:01 | Guard Tower |
| 33:55 | Flame Strike |
| 35:09 | Blizzard |
| 35:29 | Gryphon Rider |
| 35:32 | Flying Machine Bombs |
| 35:32 | Flak Cannons |
| 36:12 | Flying Machine |
| 36:14 | Flying Machine |
| 36:27 | Scroll of Town Portal |
| 37:35 | Scroll of Town Portal |
| 37:45 | Flying Machine |
| 37:56 | Flying Machine |
| 38:37 | Imbued Gunpowder |
| 38:37 | Iron Plating |
| 38:51 | Scout Tower |
| 38:51 | Scout Tower |
| 38:52 | Scout Tower |
| 38:52 | Scout Tower |
| 38:58 | Flying Machine |
| 39:12 | Town Hall |
| 40:22 | Guard Tower |
| 40:24 | Scout Tower |
| 40:26 | Scout Tower |
| 42:52 | Gryphon Rider |
| 42:53 | Flying Machine |
| 43:08 | Holy Light |
| 44:24 | Scroll of Town Portal |
| 45:02 | Flying Machine |
| 45:03 | Flying Machine |
| 45:23 | Steel Plating |
| 45:25 | Flying Machine |
| 45:54 | Flying Machine |
| 45:55 | Flying Machine |
| 45:56 | Flying Machine |
| 45:56 | Flying Machine |
| 45:56 | Flying Machine |
| 45:56 | Flying Machine |
| 46:12 | Flying Machine |
| 46:33 | Flying Machine |
| 47:11 | Siege Engine |
| 47:46 | Mithril Plating |
| 48:47 | Scroll of Town Portal |
| 50:22 | Gryphon Rider |
| Right click | 2362 |
| Select group | 1097 |
| Select | 701 |
| Assign group | 239 |
| Build/train/purchase | 230 |
| Misc. action | 122 |
| Use ability | 118 |
| Chat | 51 |
| Resource trade | 26 |
| Remove unit | 19 |
| Minimap ping | 15 |
| Item give/drop | 3 |
| Esc | 1 |


| Moonstone | 5 | 250 |
| Lesser Clarity Potion | 5 | 350 |
| Orb of Venom | 1 | 325 |
| Scroll of Town Portal | 3 | 1050 |
| Potion of Lesser Invulnerability | 1 | 150 |
| Scourge Bone Chimes | 1 | 400 |
| Robe of the Magi +6 | 2 | 800 |
| total: | 18 | 3325g |
| Wisp | 47 | 2820 | / | 0 |
| Archer | 18 | 2340 | / | 180 |
| Glaive Thrower | 13 | 2730 | / | 845 |
| total: | 78 | 7890g | / | 1025w |
| Ancient Protector | 9 | 1215 | / | 720 |
| Ancient of War | 9 | 1350 | / | 540 |
| Moon Well | 16 | 2880 | / | 640 |
| Altar of Elders | 1 | 180 | / | 50 |
| Tree of Life | 3 | 1020 | / | 555 |
| Ancient of Wonders | 3 | 270 | / | 90 |
| Hunter's Hall | 1 | 210 | / | 100 |
| Tree of Ages | 3 | 960 | / | 540 |
| Tree of Eternity | 2 | 660 | / | 400 |
| total: | 42 | 7125g | / | 2695w |
| 0:06 | Wisp |
| 0:06 | Wisp |
| 0:07 | Wisp |
| 0:24 | Ancient of War |
| 0:37 | Moon Well |
| 0:40 | Wisp |
| 0:40 | Wisp |
| 0:50 | Wisp |
| 1:06 | Altar of Elders |
| 1:21 | Moon Well |
| 1:25 | Wisp |
| 1:28 | Archer |
| 1:38 | Wisp |
| 1:47 | Archer |
| 1:54 | Wisp |
| 2:09 | Archer |
| 2:12 | Wisp |
| 2:21 | Black Arrow |
| 2:28 | Archer |
| 2:31 | Wisp |
| 3:01 | Tree of Ages |
| 3:16 | Archer |
| 3:34 | Moon Well |
| 4:21 | Tree of Life |
| 4:35 | Ancient of War |
| 4:40 | Moon Well |
| 4:53 | Life Drain |
| 5:21 | Black Arrow |
| 5:42 | Ancient of Wonders |
| 5:44 | Archer |
| 6:07 | Hunter's Hall |
| 6:12 | Pocket Factory |
| 7:07 | Scourge Bone Chimes |
| 7:13 | Robe of the Magi +6 |
| 7:27 | Wisp |
| 7:28 | Wisp |
| 7:28 | Wisp |
| 7:41 | Cluster Rockets |
| 8:10 | Life Drain |
| 8:21 | Robe of the Magi +6 |
| 8:37 | Strength of the Moon |
| 8:37 | Moon Armor |
| 8:40 | Moon Well |
| 8:43 | Wisp |
| 8:43 | Wisp |
| 8:44 | Wisp |
| 9:01 | Archer |
| 9:02 | Improved Bows |
| 9:08 | Ancient of War |
| 9:11 | Moonstone |
| 9:33 | Archer |
| 9:33 | Archer |
| 10:21 | Archer |
| 10:24 | Tree of Eternity |
| 10:27 | Wisp |
| 10:30 | Nature's Blessing |
| 12:05 | Tree of Life |
| 12:09 | Archer |
| 12:12 | Improved Strength of the Moon |
| 12:12 | Improved Moon Armor |
| 12:51 | Archer |
| 12:52 | Marksmanship |
| 12:54 | Well Spring |
| 13:07 | Wisp |
| 13:07 | Wisp |
| 13:07 | Wisp |
| 13:07 | Wisp |
| 13:08 | Wisp |
| 13:08 | Wisp |
| 13:08 | Wisp |
| 13:36 | Lesser Clarity Potion |
| 13:56 | Ancient Protector |
| 13:59 | Ancient Protector |
| 14:02 | Ancient Protector |
| 14:10 | Wisp |
| 14:11 | Wisp |
| 14:11 | Wisp |
| 14:11 | Wisp |
| 14:11 | Wisp |
| 14:22 | Ancient Protector |
| 14:29 | Ancient Protector |
| 14:34 | Ancient Protector |
| 14:38 | Wisp |
| 14:45 | Wisp |
| 14:45 | Wisp |
| 14:51 | Moonstone |
| 14:56 | Orb of Venom |
| 15:04 | Wisp |
| 15:35 | Archer |
| 15:37 | Advanced Strength of the Moon |
| 15:54 | Ancient Protector |
| 15:55 | Wisp |
| 15:55 | Wisp |
| 16:13 | Engineering Upgrade |
| 16:26 | Ancient Protector |
| 16:30 | Ancient Protector |
| 16:32 | Tree of Ages |
| 17:37 | Scroll of Town Portal |
| 17:38 | Moonstone |
| 18:03 | Tree of Life |
| 18:10 | Glaive Thrower |
| 18:10 | Vorpal Blades |
| 18:18 | Glaive Thrower |
| 19:01 | Glaive Thrower |
| 19:44 | Scroll of Town Portal |
| 19:44 | Lesser Clarity Potion |
| 19:45 | Moonstone |
| 20:05 | Glaive Thrower |
| 20:17 | Lesser Clarity Potion |
| 20:52 | Glaive Thrower |
| 21:01 | Moon Well |
| 21:05 | Moon Well |
| 21:39 | Archer |
| 21:40 | Archer |
| 21:40 | Archer |
| 23:24 | Moon Well |
| 23:30 | Glaive Thrower |
| 23:30 | Glaive Thrower |
| 24:33 | Moon Well |
| 24:38 | Ancient of War |
| 24:40 | Advanced Moon Armor |
| 24:40 | Ultravision |
| 25:37 | Scroll of Town Portal |
| 25:50 | Glaive Thrower |
| 25:57 | Ancient of War |
| 28:59 | Glaive Thrower |
| 28:59 | Glaive Thrower |
| 29:11 | Wisp |
| 29:11 | Wisp |
| 29:11 | Wisp |
| 29:17 | Ancient of Wonders |
| 29:25 | Moon Well |
| 29:31 | Moon Well |
| 29:34 | Moon Well |
| 29:36 | Moon Well |
| 29:39 | Ancient of Wonders |
| 29:42 | Wisp |
| 29:43 | Wisp |
| 29:43 | Wisp |
| 29:43 | Wisp |
| 30:32 | Moon Well |
| 31:12 | Moon Well |
| 31:50 | Moon Well |
| 32:42 | Archer |
| 32:42 | Archer |
| 33:51 | Glaive Thrower |
| 34:42 | Black Arrow |
| 38:48 | Wisp |
| 38:48 | Wisp |
| 38:49 | Wisp |
| 38:49 | Wisp |
| 38:56 | Ancient of War |
| 39:00 | Ancient of War |
| 39:03 | Ancient of War |
| 40:29 | Ancient of War |
| 40:32 | Glaive Thrower |
| 40:34 | Glaive Thrower |
| 42:16 | Lesser Clarity Potion |
| 42:39 | Engineering Upgrade |
| 45:30 | Moonstone |
| 45:47 | Potion of Lesser Invulnerability |
| 46:38 | Lesser Clarity Potion |
| 48:14 | Charm |
| Right click | 1112 |
| Select | 635 |
| Select group | 470 |
| Assign group | 174 |
| Build/train/purchase | 171 |
| Use ability | 84 |
| Chat | 79 |
| Misc. action | 26 |
| Minimap ping | 11 |
| Item give/drop | 8 |
| Remove unit | 1 |



| Rod of Necromancy | 4 | 600 |
| Ritual Dagger | 1 | 125 |
| Potion of Healing | 4 | 600 |
| Potion of Mana | 1 | 200 |
| Orb of Corruption | 1 | 375 |
| Scroll of Town Portal | 5 | 1750 |
| Potion of Lesser Invulnerability | 1 | 150 |
| total: | 17 | 3800g |
| Acolyte | 15 | 1125 | / | 0 |
| Ghoul | 9 | 1080 | / | 0 |
| Crypt Fiend | 12 | 2580 | / | 480 |
| Frost Wyrm | 11 | 4235 | / | 1320 |
| Meat Wagon | 5 | 1150 | / | 250 |
| Obsidian Statue | 4 | 800 | / | 140 |
| total: | 56 | 10970g | / | 2190w |
| Spirit Tower | 17 | 2465 | / | 680 |
| Crypt | 3 | 600 | / | 150 |
| Altar of Darkness | 2 | 360 | / | 100 |
| Ziggurat | 28 | 4200 | / | 1400 |
| Graveyard | 2 | 430 | / | 0 |
| Tomb of Relics | 2 | 260 | / | 60 |
| Necropolis | 4 | 900 | / | 0 |
| Slaughterhouse | 2 | 280 | / | 270 |
| Sacrificial Pit | 3 | 225 | / | 450 |
| Boneyard | 4 | 700 | / | 800 |
| Halls of the Dead | 2 | 640 | / | 420 |
| Black Citadel | 2 | 650 | / | 460 |
| total: | 50 | 7955g | / | 3230w |
| 0:04 | Acolyte |
| 0:07 | Crypt |
| 0:08 | Crypt |
| 0:12 | Altar of Darkness |
| 0:15 | Acolyte |
| 0:35 | Ziggurat |
| 0:59 | Graveyard |
| 1:11 | Ghoul |
| 1:24 | Tomb of Relics |
| 1:38 | Ghoul |
| 1:52 | Ziggurat |
| 2:14 | Ghoul |
| 2:22 | Crypt Fiend |
| 2:23 | Death Coil |
| 2:29 | Rod of Necromancy |
| 2:29 | Rod of Necromancy |
| 2:53 | Crypt Fiend |
| 3:26 | Crypt Fiend |
| 3:52 | Halls of the Dead |
| 4:19 | Unholy Aura |
| 4:20 | Crypt Fiend |
| 4:23 | Ziggurat |
| 4:40 | Rod of Necromancy |
| 4:53 | Ghoul |
| 5:25 | Crypt Fiend |
| 5:58 | Death Coil |
| 6:13 | Acolyte |
| 6:13 | Acolyte |
| 6:13 | Acolyte |
| 6:13 | Acolyte |
| 6:16 | Acolyte |
| 6:18 | Ziggurat |
| 6:39 | Necropolis |
| 7:07 | Web |
| 7:38 | Black Citadel |
| 8:45 | Crypt Fiend |
| 9:21 | Rod of Necromancy |
| 9:21 | Ritual Dagger |
| 9:28 | Crypt Fiend |
| 9:31 | Frost Nova |
| 9:42 | Scroll of Town Portal |
| 9:43 | Potion of Healing |
| 9:45 | Potion of Mana |
| 9:59 | Orb of Corruption |
| 10:04 | Boneyard |
| 10:08 | Boneyard |
| 11:40 | Frost Wyrm |
| 12:08 | Ziggurat |
| 12:11 | Ziggurat |
| 12:14 | Ziggurat |
| 12:58 | Freezing Breath |
| 13:06 | Slaughterhouse |
| 13:26 | Impale |
| 13:59 | Potion of Lesser Invulnerability |
| 14:04 | Dark Ritual |
| 14:11 | Creature Attack |
| 14:14 | Meat Wagon |
| 14:17 | Unholy Aura |
| 14:20 | Frost Wyrm |
| 14:22 | Frost Wyrm |
| 15:32 | Acolyte |
| 15:55 | Meat Wagon |
| 15:56 | Unholy Strength |
| 16:30 | Spiked Carapace |
| 16:32 | Frost Wyrm |
| 16:34 | Ziggurat |
| 16:37 | Improved Creature Attack |
| 18:54 | Improved Unholy Strength |
| 18:55 | Meat Wagon |
| 18:56 | Frost Wyrm |
| 19:30 | Meat Wagon |
| 19:43 | Frost Wyrm |
| 19:49 | Acolyte |
| 21:04 | Frost Wyrm |
| 22:00 | Frost Nova |
| 22:10 | Acolyte |
| 22:10 | Acolyte |
| 22:11 | Acolyte |
| 22:12 | Acolyte |
| 22:19 | Advanced Unholy Strength |
| 22:32 | Scroll of Town Portal |
| 22:32 | Potion of Healing |
| 24:23 | Necropolis |
| 24:31 | Advanced Creature Attack |
| 24:32 | Creature Carapace |
| 24:33 | Ghoul Frenzy |
| 24:38 | Scroll of Town Portal |
| 25:31 | Obsidian Statue |
| 26:34 | Frost Wyrm |
| 26:41 | Necropolis |
| 27:52 | Acolyte |
| 28:00 | Death Coil |
| 28:03 | Impale |
| 28:30 | Frost Wyrm |
| 29:45 | Frost Wyrm |
| 29:47 | Meat Wagon |
| 29:48 | Exhume Corpses |
| 30:04 | Sacrificial Pit |
| 30:47 | Obsidian Statue |
| 31:00 | Spirit Tower |
| 31:01 | Spirit Tower |
| 31:38 | Spirit Tower |
| 32:20 | Altar of Darkness |
| 32:23 | Tomb of Relics |
| 32:24 | Halls of the Dead |
| 32:27 | Graveyard |
| 33:04 | Crypt |
| 33:07 | Ziggurat |
| 33:08 | Ziggurat |
| 33:16 | Ziggurat |
| 33:17 | Ziggurat |
| 33:19 | Ziggurat |
| 33:23 | Ziggurat |
| 33:27 | Ziggurat |
| 33:28 | Ziggurat |
| 33:31 | Ziggurat |
| 33:32 | Ziggurat |
| 33:36 | Ziggurat |
| 33:37 | Ziggurat |
| 33:38 | Ziggurat |
| 33:39 | Ziggurat |
| 33:44 | Ziggurat |
| 33:46 | Ziggurat |
| 33:47 | Ziggurat |
| 33:51 | Ziggurat |
| 33:55 | Ziggurat |
| 34:00 | Ziggurat |
| 34:12 | Unholy Armor |
| 35:22 | Spirit Tower |
| 35:24 | Spirit Tower |
| 35:24 | Spirit Tower |
| 35:25 | Spirit Tower |
| 35:27 | Spirit Tower |
| 35:37 | Spirit Tower |
| 35:38 | Spirit Tower |
| 35:39 | Spirit Tower |
| 35:40 | Spirit Tower |
| 35:42 | Spirit Tower |
| 35:53 | Spirit Tower |
| 35:54 | Spirit Tower |
| 36:29 | Spirit Tower |
| 36:30 | Spirit Tower |
| 36:43 | Black Citadel |
| 36:47 | Slaughterhouse |
| 37:07 | Ghoul |
| 37:07 | Ghoul |
| 37:07 | Ghoul |
| 37:08 | Ghoul |
| 37:08 | Ghoul |
| 37:28 | Dark Ritual |
| 38:38 | Necropolis |
| 38:44 | Obsidian Statue |
| 40:18 | Sacrificial Pit |
| 40:20 | Boneyard |
| 40:23 | Boneyard |
| 40:39 | Spiked Carapace |
| 42:28 | Sacrificial Pit |
| 42:39 | Potion of Healing |
| 42:43 | Potion of Healing |
| 42:44 | Scroll of Town Portal |
| 42:46 | Scroll of Town Portal |
| 42:50 | Improved Creature Carapace |
| 44:46 | Crypt Fiend |
| 44:46 | Crypt Fiend |
| 45:30 | Obsidian Statue |
| 45:36 | Crypt Fiend |
| 47:31 | Crypt Fiend |
| 47:32 | Crypt Fiend |
| 47:43 | Frost Wyrm |
| 53:09 | Acolyte |
| Right click | 1651 |
| Select group | 1258 |
| Select | 764 |
| Misc. action | 272 |
| Build/train/purchase | 192 |
| Chat | 137 |
| Use ability | 99 |
| Assign group | 74 |
| Minimap ping | 16 |
| Resource trade | 5 |
| Item give/drop | 4 |
| Remove unit | 3 |



| Rod of Necromancy | 5 | 750 |
| Sacrificial Skull | 1 | 50 |
| Potion of Healing | 3 | 450 |
| Potion of Mana | 5 | 1000 |
| Orb of Corruption | 1 | 375 |
| Lesser Clarity Potion | 1 | 70 |
| Scroll of Town Portal | 5 | 1750 |
| Dust of Appearance | 1 | 75 |
| Scroll of Healing | 3 | 750 |
| Potion of Lesser Invulnerability | 1 | 150 |
| total: | 26 | 5420g |
| Acolyte | 15 | 1125 | / | 0 |
| Ghoul | 17 | 2040 | / | 0 |
| Obsidian Statue | 4 | 800 | / | 140 |
| Abomination | 6 | 1440 | / | 420 |
| Meat Wagon | 4 | 920 | / | 200 |
| Banshee | 5 | 775 | / | 150 |
| total: | 51 | 7100g | / | 910w |
| Nerubian Tower | 4 | 400 | / | 80 |
| Spirit Tower | 13 | 1885 | / | 520 |
| Altar of Darkness | 3 | 540 | / | 150 |
| Ziggurat | 17 | 2550 | / | 850 |
| Crypt | 2 | 400 | / | 100 |
| Tomb of Relics | 1 | 130 | / | 30 |
| Graveyard | 1 | 215 | / | 0 |
| Necropolis | 2 | 450 | / | 0 |
| Slaughterhouse | 2 | 280 | / | 270 |
| Temple of the Damned | 2 | 310 | / | 280 |
| Halls of the Dead | 2 | 640 | / | 420 |
| Black Citadel | 2 | 650 | / | 460 |
| total: | 30 | 4875g | / | 1680w |
| 0:02 | Acolyte |
| 0:02 | Acolyte |
| 0:07 | Altar of Darkness |
| 0:09 | Ziggurat |
| 0:36 | Crypt |
| 0:53 | Tomb of Relics |
| 1:16 | Ziggurat |
| 1:27 | Graveyard |
| 1:38 | Ghoul |
| 1:38 | Ghoul |
| 1:49 | Ghoul |
| 1:50 | Ghoul |
| 2:00 | Nerubian Tower |
| 2:07 | Death Coil |
| 2:15 | Rod of Necromancy |
| 2:15 | Rod of Necromancy |
| 2:29 | Ghoul |
| 2:29 | Ghoul |
| 2:48 | Ghoul |
| 3:37 | Ghoul |
| 3:37 | Ghoul |
| 3:37 | Acolyte |
| 3:38 | Acolyte |
| 3:38 | Acolyte |
| 3:38 | Acolyte |
| 3:38 | Acolyte |
| 4:18 | Acolyte |
| 4:21 | Spirit Tower |
| 4:32 | Ziggurat |
| 4:39 | Sacrificial Skull |
| 5:31 | Unholy Aura |
| 5:32 | Halls of the Dead |
| 5:42 | Spirit Tower |
| 5:57 | Ziggurat |
| 6:12 | Ghoul |
| 6:35 | Ghoul |
| 6:39 | Ziggurat |
| 6:44 | Rod of Necromancy |
| 6:45 | Rod of Necromancy |
| 6:49 | Nerubian Tower |
| 6:57 | Ghoul |
| 7:03 | Ziggurat |
| 7:34 | Spirit Tower |
| 7:36 | Necropolis |
| 8:08 | Black Citadel |
| 8:18 | Ghoul |
| 8:22 | Scroll of Town Portal |
| 8:22 | Scroll of Town Portal |
| 8:42 | Crypt |
| 8:45 | Slaughterhouse |
| 9:06 | Rod of Necromancy |
| 9:06 | Potion of Healing |
| 9:06 | Potion of Mana |
| 9:07 | Dust of Appearance |
| 9:10 | Frost Nova |
| 9:13 | Spirit Tower |
| 9:27 | Slaughterhouse |
| 9:52 | Obsidian Statue |
| 9:55 | Unholy Armor |
| 10:41 | Death Coil |
| 10:41 | Death Coil |
| 10:42 | Death Coil |
| 10:57 | Destroyer Form |
| 10:57 | Disease Cloud |
| 11:00 | Unholy Aura |
| 11:25 | Ghoul Frenzy |
| 11:26 | Ghoul |
| 11:26 | Ghoul |
| 11:28 | Obsidian Statue |
| 11:29 | Abomination |
| 11:39 | Potion of Healing |
| 11:40 | Potion of Mana |
| 11:40 | Orb of Corruption |
| 12:05 | Creature Carapace |
| 12:14 | Potion of Mana |
| 12:29 | Scroll of Healing |
| 12:35 | Sleep |
| 12:38 | Ghoul |
| 12:39 | Ghoul |
| 12:42 | Obsidian Statue |
| 12:44 | Abomination |
| 14:26 | Abomination |
| 15:02 | Improved Unholy Armor |
| 15:02 | Improved Creature Carapace |
| 16:21 | Frost Armor |
| 16:53 | Advanced Unholy Armor |
| 18:07 | Exhume Corpses |
| 18:08 | Meat Wagon |
| 18:10 | Advanced Creature Carapace |
| 18:10 | Unholy Strength |
| 18:12 | Acolyte |
| 18:12 | Acolyte |
| 19:07 | Carrion Swarm |
| 19:07 | Carrion Swarm |
| 19:26 | Necropolis |
| 19:28 | Ziggurat |
| 19:29 | Ziggurat |
| 19:34 | Ziggurat |
| 19:35 | Ziggurat |
| 19:39 | Creature Attack |
| 19:41 | Meat Wagon |
| 19:42 | Meat Wagon |
| 20:11 | Death Coil |
| 21:32 | Meat Wagon |
| 21:50 | Obsidian Statue |
| 22:11 | Spirit Tower |
| 22:17 | Ziggurat |
| 22:19 | Ziggurat |
| 23:13 | Spirit Tower |
| 23:14 | Ziggurat |
| 23:16 | Ziggurat |
| 23:47 | Abomination |
| 23:57 | Scroll of Town Portal |
| 23:59 | Scroll of Healing |
| 24:07 | Potion of Mana |
| 24:32 | Abomination |
| 24:37 | Improved Unholy Strength |
| 24:38 | Improved Creature Attack |
| 24:52 | Spirit Tower |
| 25:48 | Temple of the Damned |
| 26:55 | Banshee Adept Training |
| 26:57 | Temple of the Damned |
| 27:51 | Abomination |
| 27:56 | Banshee Master Training |
| 28:55 | Banshee |
| 28:55 | Banshee |
| 28:55 | Banshee |
| 30:20 | Banshee |
| 30:20 | Banshee |
| 32:04 | Scroll of Town Portal |
| 32:04 | Potion of Healing |
| 35:51 | Potion of Lesser Invulnerability |
| 35:55 | Acolyte |
| 35:56 | Acolyte |
| 35:56 | Acolyte |
| 35:56 | Acolyte |
| 35:57 | Acolyte |
| 37:23 | Carrion Swarm |
| 37:24 | Carrion Swarm |
| 38:49 | Frost Nova |
| 40:26 | Altar of Darkness |
| 43:13 | Lesser Clarity Potion |
| 43:15 | Potion of Mana |
| 47:42 | Scroll of Town Portal |
| 47:46 | Scroll of Healing |
| 49:39 | Altar of Darkness |
| 49:40 | Ziggurat |
| 49:41 | Ziggurat |
| 49:44 | Ziggurat |
| Right click | 4200 |
| Select group | 3153 |
| Select | 1034 |
| Misc. action | 217 |
| Build/train/purchase | 195 |
| Use ability | 143 |
| Assign group | 27 |
| Item give/drop | 3 |
| Minimap ping | 3 |
152 units @ 14.9k
/ 1.6k
192 buildings @ 15.3k
/ 6.2k



| Peasant | 31 | 2325 | / | 0 |
| Dragonhawk Rider | 9 | 1800 | / | 270 |
| Sorceress | 2 | 310 | / | 40 |
| total: | 42 | 4435g | / | 310w |
| Scout Tower | 87 | 2610 | / | 1740 |
| Guard Tower | 24 | 1680 | / | 1200 |
| Arcane Tower | 23 | 1610 | / | 1150 |
| Altar of Kings | 2 | 360 | / | 100 |
| Farm | 10 | 800 | / | 200 |
| Lumber Mill | 2 | 240 | / | 0 |
| Arcane Vault | 1 | 130 | / | 30 |
| Town Hall | 1 | 385 | / | 205 |
| Gryphon Aviary | 2 | 280 | / | 300 |
| Arcane Sanctum | 1 | 150 | / | 140 |
| Keep | 1 | 320 | / | 210 |
| Castle | 1 | 360 | / | 210 |
| total: | 106 | 4955g | / | 2715w |
| 0:04 | Peasant |
| 0:04 | Peasant |
| 0:08 | Altar of Kings |
| 0:11 | Farm |
| 0:11 | Farm |
| 0:25 | Peasant |
| 0:43 | Peasant |
| 0:49 | Peasant |
| 0:56 | Lumber Mill |
| 0:59 | Peasant |
| 1:08 | Farm |
| 1:30 | Peasant |
| 1:31 | Peasant |
| 1:31 | Peasant |
| 1:37 | Scout Tower |
| 1:40 | Peasant |
| 1:48 | Peasant |
| 1:51 | Scout Tower |
| 1:58 | Improved Lumber Harvesting |
| 2:22 | Peasant |
| 2:22 | Peasant |
| 2:33 | Storm Bolt |
| 3:09 | Scout Tower |
| 3:09 | Scout Tower |
| 3:10 | Scout Tower |
| 3:11 | Scout Tower |
| 3:12 | Scout Tower |
| 3:12 | Scout Tower |
| 3:13 | Scout Tower |
| 3:14 | Scout Tower |
| 3:15 | Scout Tower |
| 3:16 | Scout Tower |
| 3:17 | Scout Tower |
| 3:18 | Scout Tower |
| 3:18 | Scout Tower |
| 3:19 | Scout Tower |
| 3:20 | Scout Tower |
| 3:23 | Peasant |
| 3:23 | Peasant |
| 3:25 | Peasant |
| 3:29 | Guard Tower |
| 3:40 | Guard Tower |
| 3:43 | Scout Tower |
| 3:45 | Scout Tower |
| 3:48 | Scout Tower |
| 3:51 | Improved Masonry |
| 3:58 | Peasant |
| 4:15 | Guard Tower |
| 4:23 | Scout Tower |
| 4:31 | Scout Tower |
| 4:34 | Keep |
| 4:40 | Arcane Tower |
| 4:41 | Guard Tower |
| 4:48 | Guard Tower |
| 4:59 | Scout Tower |
| 5:00 | Scout Tower |
| 5:01 | Scout Tower |
| 5:04 | Scout Tower |
| 5:05 | Scout Tower |
| 5:08 | Guard Tower |
| 5:23 | Guard Tower |
| 5:31 | Farm |
| 5:44 | Guard Tower |
| 6:06 | Scout Tower |
| 6:07 | Scout Tower |
| 6:09 | Scout Tower |
| 6:11 | Scout Tower |
| 6:12 | Scout Tower |
| 6:12 | Scout Tower |
| 6:16 | Guard Tower |
| 6:21 | Arcane Tower |
| 6:28 | Arcane Tower |
| 6:32 | Guard Tower |
| 6:36 | Arcane Tower |
| 6:38 | Guard Tower |
| 6:42 | Scout Tower |
| 6:42 | Scout Tower |
| 6:43 | Scout Tower |
| 6:44 | Scout Tower |
| 7:07 | Bash |
| 7:28 | Castle |
| 7:32 | Advanced Masonry |
| 7:53 | Gryphon Aviary |
| 8:00 | Gryphon Aviary |
| 8:08 | Arcane Vault |
| 8:23 | Guard Tower |
| 8:33 | Guard Tower |
| 8:37 | Guard Tower |
| 8:48 | Scout Tower |
| 8:53 | Scout Tower |
| 9:09 | Farm |
| 9:10 | Farm |
| 9:27 | Scout Tower |
| 9:34 | Arcane Tower |
| 9:36 | Guard Tower |
| 9:39 | Scout Tower |
| 9:49 | Cloud |
| 9:56 | Guard Tower |
| 10:11 | Imbued Masonry |
| 10:23 | Dragonhawk Rider |
| 10:23 | Dragonhawk Rider |
| 10:24 | Dragonhawk Rider |
| 10:30 | Guard Tower |
| 10:52 | Scout Tower |
| 10:52 | Scout Tower |
| 10:54 | Scout Tower |
| 10:55 | Scout Tower |
| 10:57 | Scout Tower |
| 11:00 | Scout Tower |
| 11:02 | Scout Tower |
| 11:02 | Scout Tower |
| 11:04 | Scout Tower |
| 11:04 | Scout Tower |
| 11:08 | Scout Tower |
| 11:09 | Scout Tower |
| 11:09 | Scout Tower |
| 11:10 | Scout Tower |
| 11:45 | Guard Tower |
| 11:49 | Arcane Tower |
| 11:50 | Arcane Tower |
| 11:54 | Arcane Sanctum |
| 12:00 | Scout Tower |
| 12:00 | Scout Tower |
| 12:01 | Scout Tower |
| 12:02 | Scout Tower |
| 12:07 | Guard Tower |
| 12:23 | Magic Sentry |
| 12:23 | Sorceress Adept Training |
| 12:24 | Sorceress |
| 12:24 | Sorceress |
| 12:31 | Farm |
| 12:39 | Guard Tower |
| 12:45 | Guard Tower |
| 12:48 | Arcane Tower |
| 13:01 | Arcane Tower |
| 13:14 | Arcane Tower |
| 13:18 | Scout Tower |
| 13:22 | Scout Tower |
| 13:24 | Guard Tower |
| 13:27 | Scout Tower |
| 13:28 | Scout Tower |
| 13:29 | Scout Tower |
| 13:30 | Scout Tower |
| 13:32 | Scout Tower |
| 13:35 | Arcane Tower |
| 13:49 | Arcane Tower |
| 13:50 | Arcane Tower |
| 13:54 | Guard Tower |
| 15:25 | Arcane Tower |
| 16:12 | Town Hall |
| 19:23 | Dragonhawk Rider |
| 19:23 | Dragonhawk Rider |
| 19:40 | Altar of Kings |
| 19:56 | Farm |
| 22:08 | Dragonhawk Rider |
| 22:08 | Dragonhawk Rider |
| 22:12 | Divine Shield |
| 24:19 | Farm |
| 24:55 | Bash |
| 24:59 | Farm |
| 26:47 | Dragonhawk Rider |
| 26:47 | Dragonhawk Rider |
| 29:03 | Holy Light |
| 32:25 | Storm Bolt |
| 34:29 | Divine Shield |
| 36:01 | Scout Tower |
| 36:02 | Peasant |
| 36:03 | Peasant |
| 36:03 | Peasant |
| 36:03 | Peasant |
| 36:03 | Peasant |
| 36:31 | Scout Tower |
| 36:32 | Scout Tower |
| 36:37 | Scout Tower |
| 36:52 | Scout Tower |
| 36:58 | Scout Tower |
| 37:00 | Arcane Tower |
| 37:37 | Arcane Tower |
| 37:45 | Scout Tower |
| 42:39 | Peasant |
| 42:39 | Peasant |
| 42:39 | Peasant |
| 44:41 | Brilliance Aura |
| 45:30 | Peasant |
| 46:03 | Scout Tower |
| 46:31 | Arcane Tower |
| 46:35 | Scout Tower |
| 46:37 | Scout Tower |
| 47:02 | Scout Tower |
| 47:03 | Scout Tower |
| 47:04 | Scout Tower |
| 47:08 | Scout Tower |
| 47:09 | Scout Tower |
| 47:09 | Scout Tower |
| 47:11 | Scout Tower |
| 47:14 | Arcane Tower |
| 47:31 | Arcane Tower |
| 47:33 | Arcane Tower |
| 47:45 | Arcane Tower |
| 48:39 | Arcane Tower |
| 48:57 | Scout Tower |
| 48:58 | Scout Tower |
| 48:59 | Scout Tower |
| 48:59 | Scout Tower |
| 49:31 | Lumber Mill |
| 49:34 | Arcane Tower |
| 50:03 | Peasant |
| 50:03 | Peasant |
| 50:03 | Peasant |
| 50:03 | Peasant |
| 50:04 | Peasant |
| 52:35 | Guard Tower |
| 53:53 | Blizzard |
| Right click | 3641 |
| Select group | 3114 |
| Select | 477 |
| Build/train/purchase | 123 |
| Resource trade | 81 |
| Chat | 58 |
| Use ability | 40 |
| Minimap ping | 38 |
| Assign group | 25 |
| Esc | 4 |
| Misc. action | 3 |
| Item give/drop | 1 |



| Peasant | 20 | 1500 | / | 0 |
| Mortar Team | 8 | 1440 | / | 560 |
| Flying Machine | 21 | 2100 | / | 630 |
| total: | 49 | 5040g | / | 1190w |
| Scout Tower | 13 | 390 | / | 260 |
| Guard Tower | 8 | 560 | / | 400 |
| Arcane Tower | 1 | 70 | / | 50 |
| Altar of Kings | 2 | 360 | / | 100 |
| Farm | 27 | 2160 | / | 540 |
| Lumber Mill | 1 | 120 | / | 0 |
| Town Hall | 1 | 385 | / | 205 |
| Blacksmith | 1 | 140 | / | 60 |
| Workshop | 3 | 420 | / | 420 |
| Keep | 1 | 320 | / | 210 |
| Castle | 1 | 360 | / | 210 |
| total: | 48 | 3975g | / | 1585w |
| 0:05 | Peasant |
| 0:05 | Peasant |
| 0:22 | Altar of Kings |
| 0:26 | Peasant |
| 0:37 | Farm |
| 0:38 | Peasant |
| 0:53 | Lumber Mill |
| 0:55 | Peasant |
| 0:55 | Peasant |
| 1:04 | Farm |
| 1:09 | Peasant |
| 1:33 | Scout Tower |
| 1:35 | Peasant |
| 1:43 | Scout Tower |
| 1:45 | Peasant |
| 2:02 | Guard Tower |
| 2:08 | Scout Tower |
| 2:14 | Improved Lumber Harvesting |
| 2:16 | Peasant |
| 2:29 | Guard Tower |
| 2:36 | Peasant |
| 2:39 | Peasant |
| 2:49 | Scout Tower |
| 2:54 | Peasant |
| 2:54 | Peasant |
| 3:10 | Storm Bolt |
| 3:29 | Peasant |
| 3:37 | Town Hall |
| 3:48 | Guard Tower |
| 3:50 | Guard Tower |
| 4:09 | Peasant |
| 4:46 | Keep |
| 4:57 | Blacksmith |
| 5:06 | Peasant |
| 5:07 | Improved Masonry |
| 5:18 | Scout Tower |
| 5:18 | Scout Tower |
| 5:20 | Scout Tower |
| 5:21 | Scout Tower |
| 5:22 | Scout Tower |
| 5:35 | Peasant |
| 6:09 | Scout Tower |
| 6:18 | Guard Tower |
| 6:20 | Iron Forged Swords |
| 6:21 | Black Gunpowder |
| 6:47 | Guard Tower |
| 7:08 | Castle |
| 7:14 | Workshop |
| 7:15 | Workshop |
| 7:16 | Workshop |
| 7:22 | Scout Tower |
| 7:23 | Scout Tower |
| 7:25 | Guard Tower |
| 7:28 | Advanced Lumber Harvesting |
| 7:28 | Advanced Masonry |
| 7:40 | Bash |
| 7:55 | Refined Gunpowder |
| 8:37 | Holy Light |
| 8:45 | Holy Light |
| 8:49 | Flare |
| 8:50 | Flak Cannons |
| 8:52 | Farm |
| 8:52 | Farm |
| 8:53 | Farm |
| 8:54 | Farm |
| 9:07 | Guard Tower |
| 10:00 | Imbued Masonry |
| 10:25 | Fragmentation Shards |
| 10:25 | Flying Machine Bombs |
| 10:45 | Farm |
| 10:45 | Farm |
| 10:46 | Farm |
| 10:54 | Farm |
| 10:55 | Farm |
| 11:02 | Mortar Team |
| 11:35 | Farm |
| 11:36 | Farm |
| 12:30 | Farm |
| 12:31 | Farm |
| 12:32 | Farm |
| 12:32 | Farm |
| 12:33 | Farm |
| 12:34 | Farm |
| 13:04 | Altar of Kings |
| 13:28 | Imbued Gunpowder |
| 14:05 | Flying Machine |
| 14:05 | Flying Machine |
| 14:06 | Flying Machine |
| 14:06 | Flying Machine |
| 14:06 | Flying Machine |
| 14:06 | Flying Machine |
| 14:06 | Flying Machine |
| 14:32 | Flying Machine |
| 14:32 | Flying Machine |
| 14:49 | Iron Plating |
| 15:02 | Flying Machine |
| 15:02 | Flying Machine |
| 15:55 | Flying Machine |
| 15:56 | Flying Machine |
| 15:56 | Flying Machine |
| 16:23 | Steel Plating |
| 18:33 | Storm Bolt |
| 18:34 | Storm Bolt |
| 18:35 | Divine Shield |
| 19:29 | Holy Light |
| 20:20 | Mortar Team |
| 24:48 | Flying Machine |
| 24:48 | Flying Machine |
| 24:48 | Flying Machine |
| 24:49 | Flying Machine |
| 24:49 | Flying Machine |
| 24:49 | Flying Machine |
| 24:49 | Flying Machine |
| 24:54 | Mithril Plating |
| 26:19 | Farm |
| 26:20 | Farm |
| 26:42 | Peasant |
| 26:42 | Peasant |
| 27:01 | Mortar Team |
| 27:52 | Farm |
| 27:52 | Farm |
| 28:35 | Farm |
| 28:36 | Farm |
| 28:36 | Farm |
| 29:28 | Divine Shield |
| 29:39 | Brilliance Aura |
| 29:48 | Mortar Team |
| 32:31 | Bash |
| 33:22 | Mortar Team |
| 33:45 | Mortar Team |
| 33:52 | Farm |
| 34:15 | Holy Light |
| 35:21 | Blizzard |
| 35:45 | Scout Tower |
| 36:42 | Arcane Tower |
| 40:58 | Holy Light |
| 41:29 | Avatar |
| 42:22 | Divine Shield |
| 42:26 | Storm Bolt |
| 48:40 | Divine Shield |
| 49:32 | Avatar |
| 53:26 | Mortar Team |
| 53:30 | Mortar Team |
| Right click | 2683 |
| Select group | 671 |
| Select | 518 |
| Use ability | 174 |
| Misc. action | 142 |
| Build/train/purchase | 125 |
| Resource trade | 48 |
| Assign group | 19 |
| Minimap ping | 12 |
| Esc | 6 |
| Chat | 4 |
Cabeelibob
(194)
(55:51) : 
| Healing Salve | 2 | 200 |
| Lesser Clarity Potion | 5 | 350 |
| Orb of Lightning | 1 | 375 |
| Potion of Mana | 1 | 200 |
| Tiny Great Hall | 1 | 600 |
| Staff of Teleportation | 1 | 150 |
| Boots of Speed | 1 | 250 |
| Boots of Quel'Thalas +6 | 1 | 400 |
| The Lion Horn of Stormwind | 1 | 400 |
| total: | 14 | 2925g |
| Peon | 18 | 1350 | / | 0 |
| Troll Witch Doctor | 4 | 580 | / | 100 |
| total: | 22 | 1930g | / | 100w |
| Watch Tower | 5 | 550 | / | 400 |
| Altar of Storms | 2 | 360 | / | 100 |
| Orc Burrow | 4 | 640 | / | 160 |
| War Mill | 2 | 410 | / | 0 |
| Great Hall | 1 | 385 | / | 185 |
| Voodoo Lounge | 2 | 260 | / | 60 |
| Spirit Lodge | 1 | 150 | / | 150 |
| Stronghold | 1 | 315 | / | 190 |
| Fortress | 1 | 325 | / | 190 |
| total: | 17 | 2755g | / | 1055w |
| 0:03 | Altar of Storms |
| 0:08 | Orc Burrow |
| 0:09 | Peon |
| 0:16 | Peon |
| 0:41 | Peon |
| 0:41 | Peon |
| 0:52 | Peon |
| 0:54 | Peon |
| 1:15 | War Mill |
| 1:26 | Peon |
| 1:40 | Peon |
| 1:49 | Orc Burrow |
| 2:13 | Wind Walk |
| 2:19 | Peon |
| 2:44 | Peon |
| 2:44 | Peon |
| 2:47 | Watch Tower |
| 3:09 | Great Hall |
| 3:40 | Voodoo Lounge |
| 3:51 | Watch Tower |
| 4:17 | Staff of Teleportation |
| 4:20 | Boots of Speed |
| 5:38 | Watch Tower |
| 5:39 | Watch Tower |
| 5:41 | Watch Tower |
| 5:47 | Stronghold |
| 5:53 | Spiked Barricades |
| 6:13 | Healing Salve |
| 6:17 | Lesser Clarity Potion |
| 6:47 | Boots of Quel'Thalas +6 |
| 6:55 | The Lion Horn of Stormwind |
| 8:14 | Critical Strike |
| 8:28 | Fortress |
| 8:34 | Spirit Lodge |
| 10:32 | Lesser Clarity Potion |
| 10:39 | Witch Doctor Adept Training |
| 12:02 | Altar of Storms |
| 13:03 | Witch Doctor Master Training |
| 17:01 | Peon |
| 18:02 | Wind Walk |
| 19:49 | Peon |
| 19:55 | Critical Strike |
| 20:11 | Orc Burrow |
| 21:08 | Orc Burrow |
| 21:10 | Troll Witch Doctor |
| 21:11 | Troll Witch Doctor |
| 21:11 | Troll Witch Doctor |
| 21:11 | Troll Witch Doctor |
| 23:57 | Voodoo Lounge |
| 24:51 | Wind Walk |
| 26:15 | Orb of Lightning |
| 26:21 | Healing Salve |
| 26:25 | Lesser Clarity Potion |
| 28:15 | Bladestorm |
| 28:28 | Lesser Clarity Potion |
| 29:00 | Potion of Mana |
| 29:04 | Lesser Clarity Potion |
| 30:29 | Tiny Great Hall |
| 31:57 | Peon |
| 31:58 | Peon |
| 31:58 | Peon |
| 31:58 | Peon |
| 31:58 | Peon |
| 34:50 | Critical Strike |
| 36:21 | War Mill |
| 40:21 | Mirror Image |
| 48:26 | Mirror Image |
| 55:10 | Mirror Image |
| Right click | 1735 |
| Misc. action | 256 |
| Select | 218 |
| Build/train/purchase | 127 |
| Resource trade | 115 |
| Select group | 113 |
| Chat | 72 |
| Use ability | 24 |
| Item give/drop | 6 |
| Assign group | 5 |
| Minimap ping | 3 |
| Esc | 2 |
| Remove unit | 1 |



| Rod of Necromancy | 2 | 300 |
| Ritual Dagger | 1 | 125 |
| Potion of Mana | 5 | 1000 |
| Lesser Clarity Potion | 11 | 770 |
| Potion of Healing | 3 | 450 |
| Orb of Corruption | 2 | 750 |
| Scroll of Town Portal | 1 | 350 |
| total: | 25 | 3745g |
| Acolyte | 26 | 1950 | / | 0 |
| Ghoul | 13 | 1560 | / | 0 |
| total: | 39 | 3510g | / | 0w |
| Nerubian Tower | 3 | 300 | / | 60 |
| Spirit Tower | 6 | 870 | / | 240 |
| Crypt | 1 | 200 | / | 50 |
| Ziggurat | 10 | 1500 | / | 500 |
| Altar of Darkness | 2 | 360 | / | 100 |
| Graveyard | 3 | 645 | / | 0 |
| Tomb of Relics | 1 | 130 | / | 30 |
| Necropolis | 3 | 675 | / | 0 |
| Temple of the Damned | 1 | 155 | / | 140 |
| Halls of the Dead | 1 | 320 | / | 210 |
| Black Citadel | 1 | 325 | / | 230 |
| total: | 21 | 3665g | / | 820w |
| 0:01 | Acolyte |
| 0:01 | Acolyte |
| 0:09 | Crypt |
| 0:12 | Ziggurat |
| 0:15 | Altar of Darkness |
| 0:17 | Acolyte |
| 0:37 | Graveyard |
| 0:42 | Acolyte |
| 0:59 | Tomb of Relics |
| 1:10 | Ghoul |
| 1:11 | Ziggurat |
| 1:18 | Ghoul |
| 1:26 | Ghoul |
| 1:50 | Graveyard |
| 1:54 | Graveyard |
| 2:00 | Ghoul |
| 2:14 | Rod of Necromancy |
| 2:17 | Sleep |
| 2:26 | Ghoul |
| 3:00 | Ghoul |
| 3:22 | Ghoul |
| 3:26 | Acolyte |
| 3:51 | Ghoul |
| 3:51 | Acolyte |
| 3:55 | Carrion Swarm |
| 4:17 | Acolyte |
| 4:19 | Necropolis |
| 4:25 | Acolyte |
| 4:46 | Ritual Dagger |
| 4:48 | Rod of Necromancy |
| 5:02 | Acolyte |
| 5:37 | Halls of the Dead |
| 5:38 | Carrion Swarm |
| 5:53 | Ziggurat |
| 5:54 | Ghoul |
| 6:02 | Ghoul |
| 6:24 | Ghoul |
| 6:52 | Nerubian Tower |
| 7:01 | Acolyte |
| 7:06 | Spirit Tower |
| 7:07 | Spirit Tower |
| 7:31 | Ziggurat |
| 8:00 | Acolyte |
| 8:29 | Acolyte |
| 8:32 | Necropolis |
| 8:48 | Ziggurat |
| 8:49 | Ziggurat |
| 9:20 | Ziggurat |
| 9:21 | Ziggurat |
| 9:35 | Potion of Mana |
| 9:44 | Potion of Mana |
| 9:44 | Potion of Mana |
| 10:04 | Spirit Tower |
| 10:14 | Spirit Tower |
| 10:23 | Acolyte |
| 10:39 | Sleep |
| 10:54 | Acolyte |
| 10:54 | Acolyte |
| 11:01 | Acolyte |
| 11:16 | Acolyte |
| 11:27 | Acolyte |
| 11:29 | Black Citadel |
| 11:33 | Nerubian Tower |
| 11:36 | Spirit Tower |
| 11:55 | Lesser Clarity Potion |
| 11:55 | Potion of Mana |
| 12:53 | Potion of Healing |
| 12:53 | Potion of Healing |
| 12:53 | Potion of Mana |
| 12:55 | Scroll of Town Portal |
| 12:56 | Ghoul |
| 13:06 | Spirit Tower |
| 13:24 | Death Coil |
| 13:43 | Ghoul |
| 13:48 | Temple of the Damned |
| 13:58 | Orb of Corruption |
| 13:58 | Orb of Corruption |
| 14:17 | Potion of Healing |
| 14:48 | Frost Nova |
| 14:58 | Necropolis |
| 16:42 | Ziggurat |
| 16:53 | Altar of Darkness |
| 18:22 | Carrion Swarm |
| 18:44 | Lesser Clarity Potion |
| 18:44 | Lesser Clarity Potion |
| 20:37 | Lesser Clarity Potion |
| 20:58 | Unholy Aura |
| 22:34 | Frost Armor |
| 24:23 | Lesser Clarity Potion |
| 24:24 | Lesser Clarity Potion |
| 26:36 | Inferno |
| 27:02 | Lesser Clarity Potion |
| 27:02 | Lesser Clarity Potion |
| 27:12 | Death Coil |
| 27:36 | Frost Nova |
| 30:05 | Lesser Clarity Potion |
| 31:49 | Lesser Clarity Potion |
| 33:02 | Frost Armor |
| 34:46 | Unholy Aura |
| 35:23 | Vampiric Aura |
| 37:50 | Lesser Clarity Potion |
| 41:29 | Death Coil |
| 41:45 | Frost Nova |
| 43:57 | Vampiric Aura |
| 45:05 | Acolyte |
| 45:05 | Acolyte |
| 45:05 | Acolyte |
| 45:05 | Acolyte |
| 47:22 | Ziggurat |
| 48:36 | Nerubian Tower |
| 48:40 | Acolyte |
| 50:09 | Acolyte |
| 50:09 | Acolyte |
| 50:09 | Acolyte |
| 51:48 | Unholy Aura |
| 52:16 | Death and Decay |
| 54:11 | Vampiric Aura |
| Right click | 3876 |
| Select | 1192 |
| Select group | 1081 |
| Use ability | 233 |
| Chat | 202 |
| Build/train/purchase | 178 |
| Assign group | 110 |
| Misc. action | 106 |
| Resource trade | 93 |
| Minimap ping | 48 |
| Item give/drop | 7 |
| Esc | 4 |